 Dungeon Crawl Stone Soup version 0.31.0-32-g396128a36d (webtiles) character file.

Game seed: 12726290235599327947

50 Curundu the Trooper (level 3, -3/51 HPs)
             Began as a Minotaur Berserker on Mar 19, 2024.
             Was a Believer of Trog.
             Slain by Sigmund
             ... wielding a +0 scythe
              (7 damage)
             ... on level 2 of the Dungeon.
             The game lasted 00:02:44 (1345 turns).

Curundu the Trooper (Minotaur Berserker)            Turns: 1345, Time: 00:02:44

Health: -3/51      AC:  8    Str: 23    XL:     3   Next: 55%
Magic:  2/2        EV:  9    Int:  4    God:    Trog [**....]
Gold:   76         SH:  0    Dex:  9    Spells: 2/2 levels left

rFire   . . .        h - +0 war axe
rCold   . . .        (no shield)
rNeg    . . .        j - +0 chain mail
rPois   .            (helmet restricted)
rElec   .            (no cloak)
rCorr   .            (no gloves)
SInv    .            (no boots)
Will    .....        (no amulet) Stlth
                     (no ring)
HPRegen 0.28/turn    (no ring)
MPRegen 0.08/turn

%: no passive effects
@: berserking, very quick
A: horns 2, retaliatory headbutt
a: Renounce Religion, Berserk, Trog's Hand


You were on level 2 of the Dungeon.
You worshipped Trog.
Trog was pleased with you.
You visited 1 branch of the dungeon, and saw 2 of its levels.

You collected 76 gold pieces.

Inventory:

Hand Weapons
 h - a +0 war axe (weapon)
Missiles
 c - a throwing net (quivered)
Armour
 j - a +0 chain mail (worn)
Scrolls
 b - a scroll of immolation {unknown}
 d - a scroll of poison {unknown}
 e - a scroll of enchant weapon {unknown}
 g - 2 scrolls of fear {unknown}
 i - a scroll of identify {unknown}
Potions
 a - a potion of enlightenment {unknown}
 f - a potion of brilliance {unknown}


   Skills:
 + Level 4.5 Fighting
 + Level 4.4 Axes
 + Level 2.5 Armour
 + Level 2.4 Dodging
 + Level 0.2 Stealth


You had 2 spell levels left.
You didn't know any spells.
Your spell library was empty.

Dungeon Overview and Level Annotations

Branches:
Dungeon (2/15)

Altars:

Annotations:
D:2 Sigmund


Innate Abilities, Weirdness & Mutations

You have a pair of horns on your head.
You reflexively headbutt those who attack you in melee.


Message History

The adder poisons you!
You see here a hobgoblin corpse.
Unknown command.
You feel sick. Something hits you but does no damage. The adder bites you.
The goblin hits you but does no damage. The kobold hits you but does no damage.
You hit the goblin.
You kill the goblin!
Trog accepts your kill.
You closely miss the kobold. You miss the adder.
You feel sick. The adder barely misses you.
Something hits you but does no damage. The kobold hits you but does no damage.
The quokka bites you. The adder barely misses you.
You closely miss the quokka. You hit the kobold but do no damage.
You hit the adder.
You feel sick. The kobold hits you but does no damage.
The adder barely misses you. The quokka closely misses you. Something hits you!
* * * LOW HITPOINT WARNING * * *
You completely miss the quokka. Your headbutt misses the quokka.
You closely miss the kobold. You barely miss the adder.
You feel sick. The adder misses you. The quokka misses you.
The kobold hits you but does no damage. The adder barely misses you.
The quokka barely misses you. The kobold hits you but does no damage.
Something hits you but does no damage.
Unknown command.
A red film seems to cover your vision as you go berserk!
You feel yourself moving faster!
You feel mighty!
You feel sick. The adder bites you.
* * * LOW HITPOINT WARNING * * *
The quokka barely misses you. The kobold hits you but does no damage.
You slash the quokka!
You kill the quokka!
Trog accepts your kill.
You closely miss the kobold. You miss the adder.
You feel sick.
You are no longer poisoned.
The adder barely misses you.
A magic dart appears from out of thin air!
The magic dart hits you.
* * * LOW HITPOINT WARNING * * *
The kobold hits you but does no damage. The adder barely misses you.
You closely miss the kobold. You closely miss the adder. Something hits you!
You die...

#.# #..... #..... #.#
#..... #.# ###.##
#######.## ...
.......†.######### ##
.................# .
.................####...
...##..........S†K......
...##...........@){.....
...##...................
##
#######.########........
.. #.#
#........######### #.#
####.............. #.#
.#### ######.# #.# .#
#.# #.# #.# #.# #.#


You could see an adder and a kobold.

Vanquished Creatures
  An adder (D:2)
  A dart slug (D:1)
  6 bats
  5 endoplasms
  A giant cockroach (D:2)
  2 hobgoblins
  6 kobolds
  A quokka (D:2)
  2 ball pythons
  4 frilled lizards
  7 goblins
  3 rats
39 creatures vanquished.

Notes
Turn   | Place    | Note
-------+----------+-------------------------------------------
     0 | D:1      | Curundu the Minotaur Berserker began the quest for the Orb.
     0 | D:1      | Reached XP level 1. HP: 19/19 MP: 0/0
   185 | D:1      | Reached XP level 2. HP: 27/27 MP: 1/1
   867 | D:2      | Reached ** piety under Trog
   924 | D:2      | Reached XP level 3. HP: 20/34 MP: 2/2
  1333 | D:2      | Noticed Sigmund
  1345 | D:2      | Slain by Sigmund

Illustrated notes

Levels and vault maps discovered:
D:1:      dpeg_arrival_rooms_c, layout_basic
D:2:      layout_basic, hangedman_decor_opposing, uniq_sigmund

Skill      XL: |  1  2 |
---------------+-------+-----
Axes           | 4 |  4.4
Fighting       | 4 |  4.5
Armour         | |  2.5
Dodging        | |  2.4
Stealth        | |  0.2

Action                     || total
---------------------------++-------
  Melee: Hand axe          ||    42
         Headbutt          ||     8
         War axe           ||    29
 Invoke: Berserk           ||     1
 Armour: Animal skin       ||    31
         Chain mail        ||    29
  Dodge: Dodged            ||    63
